 Dungeon Crawl Stone Soup version 0.30-b1-2-g02819fbbbe (webtiles) character file.

Game seed: 11016383299358000320

9 Alarkh the Trooper (level 2, 24/24 HPs)
             Began as a Demonspawn Chaos Knight on May 21, 2023.
             Was a Plaything of Xom.
             Got out of the dungeon alive.
             The game lasted 00:01:11 (136 turns).

Alarkh the Trooper (Demonspawn Chaos Knight)         Turns: 136, Time: 00:01:11

Health: 24/24      AC:  5    Str: 12    XL:     2   Next: 6%
Magic:  2/2        EV: 11    Int: 13    God:    Xom [..*...]
Gold:   0          SH:  0    Dex: 12    Spells: 1/1 levels left

rFire   . . .        a - +0 falchion (chaos)
rCold   . . .        (no shield)
rNeg    . . .        b - +2 leather armour
rPois   .            (no helmet)
rElec   .            (no cloak)
rCorr   .            (no gloves)
SInv    .            (no boots)
Will    .....        (no amulet)
Stlth   +            (no ring)
HPRegen 0.24/turn    (no ring)
MPRegen 0.08/turn

%: no passive effects
@: no status effects
A: hooves 1
a: Renounce Religion


You escaped.
You worshipped Xom.
You were a toy of Xom.
You visited 1 branch of the dungeon, and saw 1 of its levels.

Inventory:

Hand Weapons
 a - a +0 falchion of chaos (weapon)
Armour
 b - a +2 leather armour (worn)
Scrolls
 d - a scroll of poison {unknown}
 e - a scroll of identify {unknown}
Miscellaneous
 c - a piece from Xom's chessboard (15/15) (quivered)


   Skills:
 + Level 3.1 Fighting
 * Level 3.0 Long Blades
 - Level 1.7 Armour
 + Level 1.0 Dodging


You had one spell level left.
You didn't know any spells.
Your spell library was empty.

Dungeon Overview and Level Annotations

Branches:
Dungeon (1/15)

Altars:


Innate Abilities, Weirdness & Mutations

You have large cloven feet.


Message History

No target in view!
No target in view!
No target in view!
No target in view!
No target in view!
Found 4 stones.
You hit the ball python.
The ball python resists with significant effort.
The ball python is heavily wounded.
The ball python closely misses you. The ball python misses you.
You hit the ball python.
You kill the ball python!
Your Long Blades skill increases to level 3!
Your Dodging skill increases to level 1!
No target in view!
Found 6 stones.
A goblin comes into view. It is wielding a +0 club.
The goblin shouts!
A ball python comes into view.
Found 7 gold pieces and a fuming clear potion.
The ball python hisses angrily.
Found a stone staircase leading down.
The goblin barely misses you.
You slash the goblin!
You kill the goblin!
You have reached level 2!
Your demonic ancestry asserts itself...
Your feet thicken and deform.
Found a short sword.
The ball python bites you but does no damage.
The ball python grabs you. The ball python constricts you.
A ball python is nearby!
A ball python is nearby!
You hit the ball python. You burn the ball python.
You kill the ball python!
Unknown command.
You swap places.
There is a staircase leading out of the dungeon here.
Are you sure you want to leave the Dungeon?
This will make you lose the game!
You have escaped!

##.### #...#
##########..##
##.......###..#
##.........###.#
.#.....8.....#..### #
....8..8..8.......## #
#...........#..#..#####
##....@....##..........
##.......###....#.Z...
##########..##.###..#
##.##.# #... #.##.#
#..# #.##.. #..# .##
#..# . #..# #..#


There were no monsters in sight!

Vanquished Creatures
  2 ball pythons (D:1)
  An endoplasm (D:1)
  2 giant cockroaches (D:1)
  A goblin (D:1)
6 creatures vanquished.

Vanquished Creatures (collateral kills)
  An endoplasm (D:1)
1 creature vanquished.

Grand Total: 7 creatures vanquished

Notes
Turn   | Place    | Note
-------+----------+-------------------------------------------
     0 | D:1      | Alarkh the Demonspawn Chaos Knight began the quest for the
                  | Orb.
     0 | D:1      | Reached XP level 1. HP: 18/18 MP: 1/1
    91 | D:1      | Reached skill level 1 in Dodging
   101 | D:1      | Gained mutation: You have large cloven feet. [demonic
                  | ancestry]
   101 | D:1      | Reached XP level 2. HP: 24/24 MP: 2/2
   136 | D:$      | Got out of the dungeon alive.

Illustrated notes

Levels and vault maps discovered:
D:1:      dreamdust_arrival_beginning_and_end, layout_rooms, minivault_19

Skill      XL: |  1 |
---------------+----+-----
Long Blades    | 3 |  3.0
Dodging        | 1 |  1.0
Fighting       | |  3.1
Armour         | |  1.7

Action                     || total
---------------------------++-------
  Melee: Falchion          ||    14
 Armour: Leather armour    ||     3
  Dodge: Dodged            ||     8
